 Dungeon Crawl Stone Soup version 0.29-a0-830-gcb1280458a (webtiles) character file.

Game seed: 18172536310571382324

53 jlumianski the Trooper (level 3, -1/29 HPs)
             Began as a Demonspawn Fighter on July 11, 2022.
             Succumbed to Sigmund's poison
             ... on level 3 of the Dungeon.
             The game lasted 00:06:19 (2119 turns).

jlumianski the Trooper (Demonspawn Fighter)         Turns: 2119, Time: 00:06:20

Health: -1/29      AC:  7    Str: 18    XL:     3   Next: 64%
Magic:  3/3        EV:  9    Int:  9    God:
Gold:   84         SH:  4    Dex: 12    Spells: 2/2 levels left

rFire   . . .      SeeInvis .   a - +0 war axe
rCold   . . .      Faith    .   c - +0 buckler
rNeg    . . .      Spirit   .   b - +0 scale mail
rPois   .          Reflect  .   (no helmet)
rElec   .          Harm     .   (no cloak)
rCorr   .          Rampage  .   (no gloves)
Will    .....                   (no boots)
Stlth   ..........              (no amulet)
HPRegen 0.09/turn               j - ring of flight
MPRegen 0.08/turn               (no ring)

@: mighty, lethally poisoned (-1 -> -16), flying
A: hooves 1, sharp scales 1
a: no special abilities


You were on level 3 of the Dungeon.
You visited 1 branch of the dungeon, and saw 3 of its levels.

You collected 84 gold pieces.

Inventory:

Hand Weapons
 a - a +0 war axe (weapon)
Missiles
 h - 8 stones (quivered)
 m - 2 boomerangs
 o - 2 poisoned darts
Armour
 b - a +0 scale mail (worn)
 c - a +0 buckler (worn)
 p - a +0 pair of gloves
 q - the +3 leather armour "Nouwyo" {rElec}
   (You found it on level 2 of the Dungeon)

   rElec:     It insulates you from electricity.
Jewellery
 j - a ring of flight (left hand)
 l - a ring of fire
 r - a ring of magical power
Scrolls
 e - a scroll of magic mapping {unknown}
 g - a scroll of poison {unknown}
 k - a scroll of blinking {unknown}
 n - 5 scrolls of identify {unknown}
Potions
 f - 2 potions of curing {unknown}
 i - a potion of haste {unknown}


   Skills:
 + Level 3.3 Fighting
 + Level 2.4 Axes
 + Level 3.1 Armour
 + Level 0.3 Dodging
 + Level 0.3 Stealth
 + Level 3.0 Shields


You had 2 spell levels left.
You didn't know any spells.
Your spell library contained the following spells:

 Spells                   Type           Power      Damage    Failure   Level
 Magic Dart               Conj           0%         1d3       86%         1
 Call Imp                 Summ           0%         N/A       94%         2
 Mephitic Cloud           Conj/Pois/Air  0%         N/A       99%         3


Dungeon Overview and Level Annotations

Branches:
Dungeon (3/15)

Altars:

Shops:
D:1 =

Annotations:
D:3 Sigmund


Innate Abilities, Weirdness & Mutations

You have large cloven feet.
You are partially covered in razor-sharp scales. (AC +1, Slay +1)


Message History

You kill the giant cockroach!
HP restored.
Done exploring.
There is a stone staircase leading down here.
You fly downwards.
Level annotation: Sigmund The adder bites you.
The ball python completely misses you. The ball python barely misses you.
The adder bites you.
The ball python bites you but does no damage.
The ball python grabs you. The ball python constricts you.
There is a stone staircase leading up here.
You escape the ball python's grasp.
The adder bites you but does no damage.
The ball python bites you but does no damage.
The ball python grabs you.
You stop ascending the stairs.
The ball python constricts you. The adder barely misses you.
You feel very mighty all of a sudden. The ball python bites you.
The ball python constricts you. The adder barely misses you.
You closely miss the ball python. You slash the adder!
The ball python bites you. The ball python constricts you. The adder bites you.
You are poisoned.
The adder poisons you! Sigmund casts a spell at you. The magic dart hits you.
You block the ball python's attack. The ball python constricts you.
The adder barely misses you.
You slash the ball python!
You kill the ball python!
You hit the adder.
You kill the adder!
You feel sick.
Sigmund points at you and mumbles some strange words.
The magic dart hits you.
Your Armour skill increases to level 3!
You feel sick.
Sigmund hits you with a +2 scythe of venom!
* * * LOW HITPOINT WARNING * * *
You are more poisoned.
You slash Sigmund! Your kick misses Sigmund.
Sigmund is severely wounded.
You die...

######### #.......#
#....†..# ##
#..†<@@.## #.
#........############.
#...................#.
##########..#######..)
##.# #... #... ....##
####...#### #..# #. #


You could see Sigmund.

Vanquished Creatures
  An adder (D:3)
  2 dart slugs
  An orc (D:3)
  4 endoplasms
  4 giant cockroaches
  5 hobgoblins
  3 kobolds
  A quokka (D:2)
  4 ball pythons
  2 bats
  5 goblins
  3 rats
35 creatures vanquished.

Notes
Turn   | Place    | Note
-------+----------+-------------------------------------------
     0 | D:1      | jlumianski the Demonspawn Fighter began the quest for the
                  | Orb.
     0 | D:1      | Reached XP level 1. HP: 18/18 MP: 1/1
   424 | D:1      | Gained mutation: You are partially covered in razor-sharp
                  | scales. (AC +1, Slay +1) [demonic ancestry]
   424 | D:1      | Reached XP level 2. HP: 22/24 MP: 2/2
   431 | D:1      | Found Zourulef's Jewellery Shoppe.
  1433 | D:2      | Gained mutation: You have large cloven feet. [demonic
                  | ancestry]
  1433 | D:2      | Reached XP level 3. HP: 25/29 MP: 3/3
  1491 | D:2      | Identified the +3 leather armour "Nouwyo" {rElec}
  1974 | D:3      | Noticed Sigmund
  2119 | D:3      | Succumbed to Sigmund's poison

Illustrated notes

Levels and vault maps discovered:
D:1:      psy_arrival_dodecagon, layout_loops_ring, serial_shops,
          nicolae_diamond_shop, minmay_crystal_water, minmay_heptomino_d4
D:2:      layout_loops_ring, grunt_decor_cap
D:3:      layout_rooms, nzn_overflow_gifts_of_might_and_magic,
          amcnicky_altar_gilded, due_unseen_surprise, uniq_sigmund

Skill      XL: |  1  2  3 |
---------------+----------+-----
Shields        | 3 |  3.0
Axes           | 2 |  2.4
Armour         | 3 |  3.1
Fighting       | |  3.3
Dodging        | |  0.3
Stealth        | |  0.3

Action                   || total
-------------------------++-------
Melee: War axe           ||    87
       Kick              ||     5
  Use: Potion            ||     1
Armor: Scale mail        ||    47
Dodge: Dodged            ||    40
Block: Buckler           ||    24

Table legend: (Time is in decaauts)
 A = Elapsed time spent in this place.
 B = Non-inter-level travel time spent in this place.
 C = Inter-level travel time spent in this place.
 D = Time resting spent in this place.
 E = Time spent auto-exploring this place.
 F = Levels seen in this place.
 G = Mean time per level.
                   A        B        C        D        E       F      G
               +--------+--------+--------+--------+--------+-----+--------+
         Total |   2157 |   2121 |     36 |      0 |   1352 |   3 |  719.0 |
       Dungeon |   2157 |   2121 |     36 |      0 |   1352 |   3 |  719.0 |
               +--------+--------+--------+--------+--------+-----+--------+

Top non-repeatable levels by time:
     D:1: 1111 daAuts
     D:2: 979 daAuts
     D:3: 65 daAuts
